 Dungeon Crawl Stone Soup version 0.19-a0-45-g2c295ea (webtiles) character file.

1141 Nomnom the Magician (level 8, -4/42 HPs)
             Began as a Gargoyle Earth Elementalist on May 5, 2016.
             Slain by an orc warrior
             ... wielding a +0 short sword
              (10 damage)
             ... on level 6 of the Dungeon.
             The game lasted 00:24:16 (8358 turns).

Nomnom the Magician (Gargoyle Earth Elementalist)   Turns: 8358, Time: 00:24:16

Health: -4/42      AC:  7    Str: 11    XL:     8   Next: 37%
Magic:  11/17      EV: 12    Int: 19    God:
Gold:   211        SH:  0    Dex: 10    Spells: 4 memorised, 5 levels left

rFire  . . .     SeeInvis +     D - +4 flail (crush)
rCold  . . .     Gourm    .     s - +0 robe (curse)
rNeg   + + .     Faith    .     (no shield)
rPois  ∞         Spirit   .     (no helmet)
rElec  +         Dismiss  .     (no cloak)
rCorr  .         Reflect  .     (no gloves)
SustAt .         Harm     .     (no boots)
MR     .....                    z - amulet of magic regeneration
Stlth  ++........               u - ring of positive energy
                                y - ring of see invisible

@: not resistant to hostile enchantments, unstealthy
A: negative energy resistance 1, electricity resistance, unbreathing,
petrification resistance, rot immunity, AC +5
a: no special abilities


You were on level 6 of the Dungeon.
You were very hungry.

You visited 1 branch of the dungeon, and saw 6 of its levels.

You collected 211 gold pieces.

Inventory:

Hand Weapons
 g - a +2 spear
 j - a +0 whip
 p - a +0 short sword
 x - a +1 hand axe of freezing
 D - a +4 flail of crushing (weapon)
Missiles
 b - 176 stones (quivered)
Armour
 a - a +1 robe
 s - a cursed +0 robe (worn)
Jewellery
 u - a ring of positive energy (right hand)
 y - a ring of see invisible (left hand)
 z - an amulet of magic regeneration (around neck)
Scrolls
 r - 2 scrolls of remove curse
 t - 4 scrolls of amnesia
 v - 3 scrolls of teleportation
 A - a scroll of magic mapping
 B - a scroll of identify
Potions
 e - a potion of heal wounds
 f - 3 potions of curing
 k - a potion of magic
 l - 3 potions of lignification
 n - 3 potions of agility
 o - 2 potions of brilliance
 q - 2 potions of haste
 w - a potion of mutation
Books
 c - a book of Geomancy

   Spells                             Type                      Level
   a - Sandblast                      Earth                        1
   b - Passwall                       Transmutation/Earth          2
   c - Stone Arrow                    Conjuration/Earth            3
   d - Petrify                        Transmutation/Earth          4
   e - Lee's Rapid Deconstruction     Earth                        5
 C - a book of the Tempests

   Spells                             Type                      Level
   a - Static Discharge               Conjuration/Air              3
   b - Lightning Bolt                 Conjuration/Air              5
   c - Fireball                       Conjuration/Fire             5
   d - Tornado                        Air                          9
   e - Shatter                        Earth                        9
Comestibles
 d - 3 bread rations
 h - 2 meat rations
 i - 14 fruits
 m - 2 beef jerkies


   Skills:
 + Level 0.9 Fighting
 + Level 1.1 Maces & Flails
 + Level 0.9 Armour
 + Level 1.7 Dodging
 - Level 2.1 Stealth
 * Level 6.4 Spellcasting
 + Level 4.8 Conjurations
   Level 0.7 Transmutations
 * Level 1.2 Fire Magic
 + Level 6.3 Earth Magic


You had 5 spell levels left.
You knew the following spells:

 Your Spells              Type           Power        Failure   Level  Hunger
a - Sandblast             Erth           ####..       1%          1    None
b - Stone Arrow           Conj/Erth      ####..       3%          3    ##.....
c - Lee's Rapid Deconstr  Erth           ####......   28%         5    #####..
d - Fireball              Conj/Fire      ###.......   85%         5    #####..


Dungeon Overview and Level Annotations

Branches:
Dungeon (6/15)
 Temple: D:4-7

Altars:
Cheibriados
Dithmenos
Elyvilon
Pakellas
Qazlal
Sif Muna
Xom


Innate Abilities, Weirdness & Mutations

You are resistant to torment.
Your stone body is resilient (AC +5).
You are immune to poison.
You resist negative energy.
You are resistant to electric shocks.
You can survive without breathing.
You are immune to petrification.
You are immune to rotting.


Message History

* * * LOW HITPOINT WARNING * * *
Casting: Sandblast
Confirm with . or Enter, or press ? or * to list all spells.
Aiming: Stone Arrow
Press: ? - help, Shift-Dir - straight line, f - orc warrior
Aim: an orc warrior, wielding a short sword and wearing a plate armour (moderately wounded)
The stone arrow hits the orc warrior.
The orc warrior is almost dead.
The orc warrior hits you with a short sword.
* * * LOW HITPOINT WARNING * * *
Casting: Stone Arrow
Confirm with . or Enter, or press ? or * to list all spells.
Aiming: Stone Arrow
Press: ? - help, Shift-Dir - straight line, f/p - orc warrior
Aim: an orc warrior, wielding a short sword and wearing a plate armour (almost dead)
The stone arrow hits the orc warrior.
The orc warrior is almost dead.
The orc hits you but does no damage.
The orc warrior hits you with a short sword!
You die...

....#....#...##..##
...'....'.......##
..#....#.........
#....#.........
####....##..##....
#........#####..##
#.......o'..##..#
#.o......#..#...#
#@o......##'# ..#
#......#'###......#
#>.....+... ......#
#......#...'.....
#......#...#.....
....#+###...# .
.... ...# ...


You could see an orc warrior, an orc wizard and an orc.

Vanquished Creatures
  Eustachio (D:6)
  Edmund (D:6)
  3 scorpions
  A howler monkey (D:4)
  2 crimson imps
  A hound (D:4)
  3 orc wizards (D:4)
  2 centaur skeletons
  Ijyb (D:3)
  Natasha (thrice) (D:2)
  4 worker ants
  5 gnolls
  6 adders
  A howler monkey skeleton (D:6)
  A shadow imp (D:6)
  An adder skeleton (D:3)
  6 worms
  A dart slug (D:1)
  4 giant geckos
  12 orcs
  A ball python (D:4)
  8 giant cockroaches
  13 goblins
  7 hobgoblins
  7 jackals
  3 quokkas
  A ball python skeleton (D:4)
  10 bats
  2 giant gecko skeletons
  5 giant newts
  12 kobolds
  7 rats
135 creatures vanquished.

Notes
Turn   | Place    | Note
--------------------------------------------------------------
     0 | D:1      | Nomnom the Gargoyle Earth Elementalist began the quest for the Orb.
     0 | D:1      | Reached XP level 1. HP: 10/10 MP: 3/3
   357 | D:1      | Reached XP level 2. HP: 13/15 MP: 0/5
   768 | D:1      | Reached XP level 3. HP: 18/19 MP: 7/7
   773 | D:1      | Learned a level 3 spell: Stone Arrow
  2414 | D:2      | Reached XP level 4. HP: 4/24 MP: 6/9
  2761 | D:2      | Found a shimmering altar of Xom.
  2847 | D:2      | Found a stormy altar of Qazlal.
  2989 | D:2      | Reached skill level 1 in Conjurations
  3427 | D:2      | Noticed Natasha
  3435 | D:2      | Killed Natasha
  3442 | D:2      | Noticed Natasha
  3445 | D:2      | Killed Natasha
  3445 | D:2      | Reached XP level 5. HP: 28/28 MP: 3/10
  3675 | D:2      | Found a snail-covered altar of Cheibriados.
  3743 | D:2      | Found a deep blue altar of Sif Muna.
  3843 | D:2      | Noticed Natasha
  3848 | D:2      | Killed Natasha
  4004 | D:3      | Noticed Ijyb
  4034 | D:3      | Killed Ijyb
  4097 | D:3      | Reached XP level 6. HP: 32/32 MP: 12/12
  4407 | D:3      | Reached skill level 5 in Earth Magic
  4415 | D:3      | Learned a level 5 spell: Lee's Rapid Deconstruction
  5077 | D:3      | Found an oddly glowing altar of Pakellas.
  5826 | D:4      | Reached skill level 5 in Spellcasting
  5982 | D:4      | Found a shadowy altar of Dithmenos.
  5990 | D:4      | Reached XP level 7. HP: 36/36 MP: 11/14
  7136 | D:5      | Entered Level 5 of the Dungeon
  7155 | D:5      | Found a deep blue altar of Sif Muna.
  7937 | D:6      | Noticed Eustachio
  7943 | D:6      | Killed Eustachio
  7943 | D:6      | Reached XP level 8. HP: 41/41 MP: 6/17
  8018 | D:6      | Found a shimmering altar of Xom.
  8028 | D:6      | Learned a level 5 spell: Fireball
  8063 | D:6      | Found a white marble altar of Elyvilon.
  8217 | D:6      | Noticed Edmund
  8220 | D:6      | Killed Edmund
  8350 | D:6      | Reached skill level 1 in Maces & Flails
  8350 | D:6      | Reached skill level 1 in Fire Magic
  8358 | D:6      | Slain by an orc warrior

Vault maps used:
D:1:      lemuel_arrival_lava_pool
D:2:      nicolae_qazlal_general_emergency, lemuel_coloured_pillars_altar,
          old_standard_altar, lemuel_crystal_altar, amethyst_killhole,
          st_stairs_6, bh_chokoban, minmay_distorted, uniq_natasha
D:3:      grunt_pakellas_basics, uniq_iyjb
D:4:      kennysheep_the_goblin_king, nicolae_dithmenos_through_a_glass_darkly
D:5:      first_bread, basic_altar, hangedman_decor_lopped
D:6:      kennysheep_mini_moat, bloody_trog, lemuel_crystal_altar,
          kennysheep_mini, basic_altar, uniq_eustachio, uniq_menkaure,
          uniq_edmund

Skill      XL: |  1  2  3  4  5  6  7  8 |
---------------+-------------------------+-----
Spellcasting   | 3 4 5 6 |  6.4
Earth Magic    | 4 5 6 |  6.3
Conjurations   | 1 2 3 4 |  4.8
Maces & Flails | 1 |  1.1
Fire Magic     | 1 |  1.2
Fighting       | |  0.9
Armour         | |  0.9
Dodging        | |  1.7
Stealth        | |  2.1
Transmutations | |  0.7

Action                   |  1- 3 |  4- 6 |  7- 9 || total
-------------------------+-------+-------+-------++-------
Melee: Spear             |   214 |   300 |    49 ||   563
       Hand axe          |       |       |    33 ||    33
       Flail             |       |       |    15 ||    15
 Cast: Sandblast         |    14 |    26 |    44 ||    84
       Stone Arrow       |       |     4 |     4 ||     8
  Use: Scroll            |     8 |     7 |     3 ||    18
       Potion            |     1 |       |       ||     1
 Stab: Sleeping          |     4 |     4 |       ||     8
  Eat: Chunk             |     4 |    11 |     4 ||    19
       Fruit             |     1 |     2 |       ||     3
       Royal jelly       |       |       |     1 ||     1
Armor: Robe              |    69 |    92 |    42 ||   203
Dodge: Dodged            |   123 |   176 |    84 ||   383
